 Dungeon Crawl Stone Soup version 0.32-a0-39-g5c88369fb2 (webtiles) character file.

Game seed: 426225539535886468

17634 Ge0ff the Thaumaturge (level 12, 0/86 HPs)
             Began as a Mummy Cinder Acolyte on Jan 30, 2024.
             Was a Believer of Ignis.
             Killed from afar by Jorgrun (23 damage)
             ... with a blast of rock fragments
             ... on level 12 of the Dungeon.
             The game lasted 00:27:13 (16856 turns).

Ge0ff the Thaumaturge (Mummy Cinder Acolyte)       Turns: 16856, Time: 00:27:13

Health: 0/86       AC: 18    Str: 18    XL:     12   Next: 20%
Magic:  5/26       EV: 11    Int: 26    God:    Ignis [**....]
Gold:   441        SH:  5    Dex:  7    Spells: 20/31 levels left

rFire   . . .        a - +3 falchion "Runoef" {elec, rCorr Int+2 Stlth-}
rCold   + . .        (no shield)
rNeg    + + +        w - +0 steam dragon scales
rPois   ∞            Q - +2 helmet
rElec   .            O - +0 cloak
rCorr   +            R - +0 pair of gloves
SInv    .            W - +0 pair of boots
Will    ++...        C - amulet of reflection
Stlth   +            X - ring of willpower {=R}
HPRegen 0.34/turn    A - +6 ring of intelligence
MPRegen 0.20/turn

%: reflection, faith
@: fiery-armoured, very slightly contaminated
A: cold resistance 1, negative energy resistance 3, torment resistance 2, heat
vulnerability 1, in touch with death 1, no potions, faith
a: Renounce Religion, Fiery Armour, Foxfire Swarm


You were on level 12 of the Dungeon.
You worshipped Ignis.
Ignis was pleased with you.
You visited 2 branches of the dungeon, and saw 13 of its levels.

You collected 831 gold pieces.
You spent 390 gold pieces at shops.

Inventory:

Hand Weapons
 a - the +3 falchion "Runoef" (weapon) {elec, rCorr Int+2 Stlth-}
   (You found it on level 8 of the Dungeon)

   Int+2:     It affects your intelligence (+2).
   rCorr:     It protects you from acid and corrosion.
   Stlth-:    It makes you less stealthy.
 b - the +7 falchion of Ipoveod {heavy, Str+3 SInv}
   (You found it on level 6 of the Dungeon)

   Str+3:     It affects your strength (+3).
   SInv:      It lets you see invisible.
 z - a -1 spear of flaming
 D - a +0 dagger of speed
 F - a +1 vampiric spear
 G - a +0 sling
 H - a +2 scimitar of flaming
 K - a -1 demon whip of venom
 L - a +3 spear
 N - a +4 quarterstaff of chaos
Missiles
 c - 80 stones
 l - 17 poisoned darts
 v - 3 datura-tipped darts {=F}
 B - 24 boomerangs
 U - 10 javelins
Armour
 o - a +1 robe of fire resistance
 w - +0 steam dragon scales (worn)
 E - a +1 leather armour of cold resistance
 O - a +0 cloak (worn)
 Q - a +2 helmet (worn)
 R - a +0 pair of gloves (worn)
 W - a +0 pair of boots (worn)
 Z - a scarf of harm
Jewellery
 e - a ring of resist corrosion
 A - a +6 ring of intelligence (right hand)
 C - an amulet of reflection (around neck)
 I - a +5 ring of evasion
 X - a ring of willpower (left hand) {=R}
 Y - a ring of protection from fire
Wands
 d - a wand of digging (6)
 f - a wand of flame (16)
 p - a wand of paralysis (7)
 s - a wand of mindburst (2)
 P - a wand of polymorph (16)
Scrolls
 h - 2 scrolls of enchant armour
 m - 2 scrolls of revelation
 u - a scroll of poison {unknown}
 x - a scroll of amnesia
 y - 4 scrolls of immolation
 J - a scroll of silence {!r}
 M - 2 scrolls of summoning {unknown}
 S - a scroll of enchant weapon {unknown}
 T - 6 scrolls of teleportation
 V - 2 scrolls of vulnerability


   Skills:
 + Level 5.6 Fighting
 - Level 2.4 Polearms
 + Level 1.8 Throwing
 - Level 2.0 Stealth
 + Level 10.4 Spellcasting
 - Level 8.0 Conjurations
 - Level 5.0 Summonings
 - Level 7.0 Fire Magic
 - Level 8.0 Alchemy
 + Level 3.9 Evocations


You had 20 spell levels left.
You knew the following spells:

 Your Spells              Type           Power      Damage    Failure   Level
s - Summon Blazeheart Go  Fire/Summ      44%        N/A       3%          4
C - Scorch                Fire           98%        2d9       1%          2
E - Irradiate             Conj/Alch      26%        3d20      4%          5

Your spell library contained the following spells:

 Spells                   Type           Power      Damage    Failure   Level
 Mercury Vapours          Alch/Air       68%        N/A       1%          2
 Call Canine Familiar     Summ           39%        N/A       1%          3
 Mephitic Cloud           Conj/Alch/Air  41%        N/A       1%          3
 Flame Wave               Conj/Fire      51%        2d13      1%          4
 Hailstorm                Conj/Ice       34%        3d8       2%          3
 Stone Arrow              Conj/Erth      68%        3d11      2%          3
 Inner Flame              Hex/Fire       31%        N/A       3%          3
 Freeze                   Ice            52%        1d6       4%          1
 Summon Ice Beast         Ice/Summ       26%        N/A       4%          3
 Brom's Barrelling Bould  Conj/Erth      34%        2d5       9%          4
 Frozen Ramparts          Ice            26%        1d4       13%         3
 Ozocubu's Armour         Ice            13%        N/A       13%         3
 Freezing Cloud           Conj/Ice/Air   13%        6-21      38%         5
 Summon Mana Viper        Hex/Summ       26%        N/A       41%         5
 Summon Cactus Giant      Summ           19%        N/A       65%         6
 Metabolic Englaciation   Hex/Ice        6%         N/A       77%         5
 Bombard                  Conj/Erth      17%        9d3       78%         6
 Sculpt Simulacrum        Ice/Alch       17%        N/A       78%         6
 Spellforged Servitor     Conj/Summ      23%        N/A       95%         7
 Monstrous Menagerie      Summ           19%        N/A       99%         7
 Ignition                 Fire           24%        3d8       100%        8


Dungeon Overview and Level Annotations

Branches:
Dungeon (12/15) Zot: 23605  Temple (1/1) D:5 Zot: 5998    Lair (0/5) D:9
    Orc (0/2) D:10

Altars:
Ashenzari
Cheibriados
Dithmenos
Fedhas
Gozag
Hepliaklqana
Kikubaaqudgha
Makhleb
Nemelex Xobeh
Okawaru
Qazlal
Ru
Sif Muna
Trog
Uskayaw
Vehumet
Wu Jian
Xom
Yredelemnul

Shops:
D:7 *   D:10 =

Portals:
Trove: D:11 (give +3 gold dragon scales)

Annotations:
D:12 Jorgrun, Josephine


Innate Abilities, Weirdness & Mutations

You are immune to poison.
Your flesh is cold resistant. (rC+)
You are immune to negative energy. (rN+++)
You are immune to unholy pain and torment.
You are vulnerable to heat. (rF-)
You are in touch with the powers of death.
You do not drink.
You have a special connection with the divine. (Faith)


Message History

Press: ? - help, Shift-Dir - straight line, f - slime creature
Aim: a slime creature (severely wounded, more vulnerable to fire, misshapen and mutated, 94% to hit)
The puff of flame hits the slime creature!
The slime creature is burned terribly!
The slime creature is almost dead.
The slime creature hits you but does no damage.
The slime creature is burned terribly!
The slime creature is burned by your cloak of flames.
The slime creature is almost dead.
The slime creature hits you!
* * * LOW HITPOINT WARNING * * *
The slime creature is burned terribly!
The slime creature is burned by your cloak of flames.
The slime creature is severely wounded.
The slime creature barely misses you.
Use which ability? (? or * to list) Activating: Foxfire Swarm
Press: ? - help, Dir - look around, f - activate Flames leap up around you!
The slime creature is no longer more vulnerable to fire.
The slime creature closely misses you. The slime creature barely misses you.
The slime creature hits you but does no damage.
The slime creature is burned by your cloak of flames.
The slime creature is almost dead.
The foxfire hits the slime creature.
The slime creature is almost dead.
The foxfire hits the slime creature.
The slime creature is almost dead.
The foxfire hits the slime creature.
The slime creature is burned terribly!
The slime creature is almost dead.
The foxfire hits the slime creature.
The slime creature is burned terribly!
The slime creature is almost dead.
The foxfire hits the slime creature.
The slime creature is burned terribly!
The slime creature is almost dead.
The foxfire hits the slime creature.
The slime creature is almost dead.
The foxfire hits the slime creature.
The slime creature is almost dead.
The foxfire hits the slime creature!
The slime creature is burned terribly!
You kill the slime creature!
The foxfire hits the slime creature.
The slime creature is burned terribly!
You kill the slime creature!
The foxfire hits the slime creature.
You kill the slime creature!
Jorgrun shouts!
Jorgrun says, "Tha earth be me home, an' ye be trespassing!"
Jorgrun mutters some incantations to himself.
Jorgrun casts a spell next to you.
The wall shatters!
The blast of rock fragments hits you!!
You die...

**,,*****,**,,** #.###.......
*****,,,,,,,,**.,,* ##....####...
,,,,,,**,,,..##...###...### #...
,,,,,.*****#............# #...
*****..#####...######...######...
** **..........* ##......##....
,***,.........#* ##.............
*,,,,,#.......#####..............
*,,,,*#.........@................
*,,,****,.#.<....###...g.........
*,,,****,*###...## ##..........##
**,,,,,,,* ##..#* #..........#*
,,,****,,* ##..#**#............
**,* **,** #....*#...####.####
*,* **,* #...###...# *## *,* ***
#.###*..### *,* ##.**,###


You could see Jorgrun.

Vanquished Creatures
  Erica (D:9)
  4 two-headed ogres
  A boulder beetle (D:11)
  3 death yaks
  Amaemon (D:10)
  2 manticores (D:11)
  An orange demon (D:10)
  A troll (D:11)
  A shadow (D:12)
  9 slime creatures
  Sigmund (D:4)
  2 wraiths (D:10)
  15 yaks
  2 steam dragons
  3 water moccasins
  7 orc warriors
  2 ice beasts
  2 sky beasts (D:8)
  2 black bears
  An ogre (D:6)
  5 centaurs
  A phantom (D:6)
  3 gnoll sergeants
  3 bullfrogs
  2 scorpions
  8 wights
  26 killer bees
  A howler monkey (D:10)
  Crazy Yiuf (D:7)
  2 hounds
  3 jellies
  10 orc priests
  2 gnoll boudas
  4 iguanas
  Ijyb (D:4)
  11 orc wizards
  A hell rat (D:9)
  23 gnolls
  9 adders
  2 white imps
  2 ufetubi (D:6)
  2 ribbon worms
  4 dart slugs
  36 orcs
  8 ball pythons
  4 bats
  6 endoplasms
  3 giant cockroaches (D:1)
  5 goblins
  11 hobgoblins
  3 jackals (D:5)
  5 kobolds
  4 frilled lizards
  4 rats
276 creatures vanquished.

Vanquished Creatures (collateral kills)
  A yak (D:9)
  A water moccasin (D:7)
  A bullfrog (D:7)
  4 wights
  A killer bee (D:8)
  A gnoll bouda (D:7)
  7 gnolls
  An orc (D:8)
17 creatures vanquished.

Vanquished Creatures (others)
  20 blazeheart cores
  70 foxfires
90 creatures vanquished.

Grand Total: 383 creatures vanquished

Notes
Turn   | Place    | Note
-------+----------+-------------------------------------------
     0 | D:1      | Ge0ff the Mummy Cinder Acolyte began the quest for the Orb.
     0 | D:1      | Reached XP level 1. HP: 18/18 MP: 2/2
   194 | D:1      | Reached XP level 2. HP: 24/24 MP: 4/4
   197 | D:1      | Learned a level 2 spell: Scorch
   285 | D:1      | Reached skill level 2 in Spellcasting
   454 | D:1      | Reached skill level 1 in Stealth
   955 | D:2      | Found an ancient bone altar of Kikubaaqudgha.
  1076 | D:2      | Reached XP level 3. HP: 29/29 MP: 1/6
  1804 | D:2      | Reached XP level 4. HP: 35/35 MP: 5/8
  1849 | D:2      | Reached skill level 3 in Spellcasting
  2604 | D:3      | Found an iron altar of Okawaru.
  2727 | D:3      | Noticed a black bear
  2740 | D:3      | Killed a black bear
  2741 | D:3      | Reached skill level 4 in Spellcasting
  2741 | D:3      | Reached XP level 5. HP: 37/41 MP: 6/11
  3803 | D:4      | Noticed Sigmund
  3811 | D:4      | Killed Sigmund
  3812 | D:4      | Reached skill level 5 in Spellcasting
  3812 | D:4      | Reached XP level 6. HP: 47/47 MP: 7/14
  4117 | D:4      | Reached skill level 6 in Spellcasting
  4117 | D:4      | Reached XP level 7. HP: 51/52 MP: 1/16
  4411 | D:4      | Noticed Ijyb
  4421 | D:4      | Killed Ijyb
  4498 | D:4      | Reached skill level 5 in Fire Magic
  4573 | D:4      | Found an ancient bone altar of Kikubaaqudgha.
  4754 | D:5      | Entered Level 5 of the Dungeon
  5103 | D:5      | Noticed a two-headed ogre
  5107 | D:5      | Reached skill level 7 in Spellcasting
  5491 | D:5      | Found a shadowy altar of Dithmenos.
  5500 | D:5      | Reached XP level 8. HP: 58/58 MP: 11/19
  5690 | D:5      | Reached skill level 8 in Spellcasting
  5896 | D:5      | Killed a two-headed ogre
  5897 | D:5      | Reached skill level 9 in Spellcasting
  5953 | D:5      | Learned a level 5 spell: Irradiate
  6103 | D:5      | Found a staircase to the Ecumenical Temple.
  6194 | Temple   | Entered the Ecumenical Temple
  6237 | D:5      | Got the Papyrus of the Cooperative Impact
  6406 | D:5      | Reached skill level 10 in Spellcasting
  6521 | D:5      | Learned a level 4 spell: Summon Blazeheart Golem
  6578 | D:6      | Reached XP level 9. HP: 54/63 MP: 12/23
  6685 | D:6      | Identified the +7 falchion of Ipoveod {heavy, Str+3 SInv}
  6704 | D:6      | Reached skill level 1 in Summonings
  6757 | D:6      | Noticed a +0 dagger
  6758 | D:6      | Noticed a +0 hand axe
  6760 | D:6      | Found a hide-covered altar of Uskayaw.
  7216 | D:6      | Found a radiant altar of Vehumet.
  7581 | D:7      | Reached skill level 1 in Conjurations
  7581 | D:7      | Reached skill level 1 in Alchemy
  7611 | D:7      | Found Bucoewk's Assorted Antiques.
  7722 | D:7      | Bought a notched copper ring for 130 gold pieces
  7722 | D:7      | Bought a twisted steel ring for 130 gold pieces
  7722 | D:7      | Bought a scroll labelled HEOTTI XEKLACIF for 26 gold pieces
  7722 | D:7      | Bought a scroll labelled MIBUAMM GEOTZEIWI for 26 gold
                  | pieces
  7722 | D:7      | Bought a scroll of teleportation for 78 gold pieces
  8157 | D:7      | Found a shimmering altar of Xom.
  8623 | D:7      | Found a runed translucent door.
  8624 | D:7      | Noticed Crazy Yiuf
  8634 | D:7      | Killed Crazy Yiuf
  9097 | D:8      | Reached skill level 5 in Summonings
  9103 | D:8      | Reached XP level 10. HP: 62/70 MP: 19/24
  9112 | D:8      | Found a hazy altar of Hepliaklqana.
  9271 | D:8      | Found a snail-covered altar of Cheibriados.
  9627 | D:8      | Identified the +3 falchion "Runoef" {elec, rCorr Int+2
                  | Stlth-}
  9722 | D:8      | Found a blossoming altar of Fedhas.
  9816 | D:8      | Noticed a two-headed ogre
  9823 | D:8      | Killed a two-headed ogre
 10227 | D:9      | Reached skill level 5 in Alchemy
 10241 | D:9      | Noticed Erica
 10245 | D:9      | Reached skill level 5 in Conjurations
 10248 | D:9      | Killed Erica
 10338 | D:9      | Found a sacrificial altar of Ru.
 11003 | D:9      | Reached XP level 11. HP: 43/75 MP: 14/25
 11251 | D:9      | Found a staircase to the Lair.
 11251 | D:9      | Noticed a death yak
 11251 | D:9      | Noticed a death yak
 11266 | D:9      | Killed a death yak
 11266 | D:9      | Noticed a death yak
 11434 | D:8      | Killed a death yak
 11574 | D:9      | Killed a death yak
 12217 | D:10     | Entered Level 10 of the Dungeon
 12427 | D:10     | Got the Tractate on the Bright Snake
 12433 | D:10     | Noticed Amaemon
 12479 | D:10     | Killed Amaemon
 12732 | D:10     | Found Hiatt's Jewellery Shoppe.
 12744 | D:10     | Found a broken altar of Ashenzari.
 13372 | D:10     | Found a shimmering blue altar of Sif Muna.
 13437 | D:10     | You fall into a shaft and drop 2 floors!
 13457 | D:12     | Noticed Jorgrun
 13463 | D:12     | Noticed Josephine
 13553 | D:11     | Noticed a boulder beetle
 13563 | D:11     | Killed a boulder beetle
 13657 | D:11     | Noticed a two-headed ogre
 13664 | D:11     | Killed a two-headed ogre
 13809 | D:11     | Reached skill level 1 in Evocations
 13914 | D:11     | Noticed a two-headed ogre
 13919 | D:11     | Killed a two-headed ogre
 14018 | D:10     | Found a burning altar of Makhleb.
 14070 | D:10     | Found a staircase to the Orcish Mines.
 15498 | D:11     | Reached skill level 5 in Fighting
 15608 | D:11     | Found a portal to a secret trove of treasure.
 15804 | D:11     | Reached XP level 12. HP: 37/86 MP: 14/26
 15810 | D:11     | Reached skill level 1 in Throwing
 16856 | D:12     | Killed from afar by Jorgrun

Illustrated notes

Levels and vault maps discovered:
D:1:      enne_arrival_octagon_isle, layout_basic, corexii_corridor_pit
D:2:      layout_basic, basic_altar, serial_bayou, serial_bayou_crossing,
          serial_bayou_shore_a, serial_bayou_lagoon_b, serial_bayou_pond_d,
          nrook_mini_vaults
D:3:      layout_basic, okawaru_metal_pillars_1_2, dreamdust_mushroom_princess,
          grunt_ministairs_15
D:4:      layout_basic, lemuel_crystal_altar, uniq_sigmund, uniq_ijyb
D:5:      minmay_recursive_quarters, layout_cave_pools,
          nicolae_dithmenos_through_a_glass_darkly,
          minmay_temple_entry_drinking_statues
D:6:      layout_basic, nicolae_vehumet_radiance, dancing_weapons_uskayaw
D:7:      layout_loops_ring, old_standard_altar, serial_shops, shop_fountains,
          uniq_crazy_yiuf_cottage
D:8:      kennysheep_blocky_hall, layout_cave_pools,
          gammafunk_temple_overflow_forgotten
D:9:      layout_gridville, zin_scriptorium,
          nicolae_ru_great_annihilating_truth, dpeg_lair_monsters, uniq_erica
D:10:     layout_stronghold, ashenzari_altar_1, mainiacjoe_overflow_alcove_2,
          bloody_makhleb, david_orc_2, serial_shops, shop,
          chequers_serial_rivers_marsh, uniq_amaemon
D:11:     layout_stronghold, enter_trove_0
D:12:     layout_layer_cave, uniq_lodul, uniq_josephine, uniq_jorgrun
Temple:   hellmonk_temple_forest_ring

Skill      XL: |  1  2  3  4  5  6  7  8  9 10 11 12 |
---------------+-------------------------------------+-----
Spellcasting   | 2 4 5 6 7 10 | 10.4
Stealth        | 1 2 |  2.0
Fire Magic     | 3 4 5 7 |  7.0
Summonings     | 5 |  5.0
Conjurations   | 3 6 8 |  8.0
Alchemy        | 3 6 8 |  8.0
Evocations     | 3 |  3.9
Fighting       | 5 |  5.6
Throwing       | 1 |  1.8
Polearms       | |  2.4

Action                     |  1- 3 |  4- 6 |  7- 9 | 10-12 || total
---------------------------+-------+-------+-------+-------++-------
  Melee: Spear             |    38 |    16 |    14 |    17 ||    85
         Falchion          |       |       |       |     7 ||     7
  Throw: Stone             |       |       |     2 |     1 ||     3
         Throwing net      |       |       |       |     1 ||     1
   Cast: Scorch            |    27 |    55 |   156 |   116 ||   354
         Summon Blazeheart |       |       |    11 |    12 ||    23
         Irradiate         |       |       |       |    56 ||    56
 Invoke: Fiery Armour      |     1 |     2 |       |     1 ||     4
         Foxfire Swarm     |       |       |     2 |     2 ||     4
         Rising Flame      |       |       |       |     1 ||     1
  Evoke: Wand              |       |       |       |     6 ||     6
    Use: Scroll            |       |     2 |     1 |     8 ||    11
 Armour: Robe              |    22 |    24 |    72 |   151 ||   269
         Steam dragon scal |       |       |       |    45 ||    45
  Dodge: Dodged            |    27 |    14 |    52 |   126 ||   219
  Block: Other             |       |       |       |    12 ||    12
         Reflection        |       |       |       |     2 ||     2

Table legend: (Time is in decaauts)
 A = Elapsed time spent in this place.
 B = Non-inter-level travel time spent in this place.
 C = Inter-level travel time spent in this place.
 D = Time resting spent in this place.
 E = Time spent auto-exploring this place.
 F = Levels seen in this place.
 G = Mean time per level.
                   A        B        C        D        E       F      G
               +--------+--------+--------+--------+--------+-----+--------+
         Total |  16929 |  15981 |    948 |    834 |  12977 |  13 | 1302.2 |
       Dungeon |  16927 |  15979 |    948 |    834 |  12977 |  12 | 1410.6 |
        Temple |      1 |      1 |      0 |      0 |      0 |   1 |    1.0 |
               +--------+--------+--------+--------+--------+-----+--------+

Top non-repeatable levels by time:
    D:10: 2126 daAuts
    D:11: 2001 daAuts
     D:2: 1805 daAuts
     D:8: 1614 daAuts
     D:4: 1599 daAuts
     D:9: 1576 daAuts
     D:7: 1481 daAuts
     D:5: 1243 daAuts
     D:3: 1189 daAuts
     D:6: 1007 daAuts
     D:1: 871 daAuts
    D:12: 411 daAuts
  Temple: 1 daAuts
